 Dungeon Crawl Stone Soup version 0.24-a0-549-g45f0056d81 (webtiles) character file.

Game seed: 13336108835512317636

47 Mame the Insei (level 3, -2/26 HPs)
             Began as a Merfolk Transmuter on Aug 19, 2019.
             Slain by Robin
             ... wielding a +2 spear of pain
              (5 damage)
             ... on level 2 of the Dungeon.
             The game lasted 00:32:01 (1212 turns).

Mame the Insei (Merfolk Transmuter)                 Turns: 1212, Time: 00:32:01

Health: -2/26      AC:  0    Str: 11    XL:     3   Next: 70%
Magic:  6/6        EV: 13    Int: 12    God:
Gold:   41         SH:  0    Dex: 14    Spells: 5/6 levels left

rFire    . . .     SeeInvis .   j - +1 dagger (drain)
rCold    . . .     Gourm    .   (no shield)
rNeg     . . .     Faith    .   (no armour)
rPois    .         Spirit   .   (no helmet)
rElec    .         Reflect  .   (no cloak)
rCorr    .         Harm     .   (no gloves)
MR       .....                  (no boots)
Stlth    ++........             (no amulet)
HPRegen  0.08/turn              (no ring)
MPRegen  0.10/turn              (no ring)

@: no status effects
A: change form in water, swift swim, stealthy swim
a: no special abilities


You were on level 2 of the Dungeon.
You were hungry.

You visited 1 branch of the dungeon, and saw 2 of its levels.

You collected 41 gold pieces.

Inventory:

Hand Weapons
 j - a +1 dagger of draining (weapon)
 p - a +2 dagger of venom
 r - a +1 dagger of electrocution
 t - a +0 mace
 w - a +0 whip
Missiles
 a - 59 arrows
 e - 97 stones (quivered)
Armour
 b - a +1 robe
 g - a +0 leather armour
 i - a +0 ring mail
 o - a +0 pair of gloves
Jewellery
 l - a +5 ring of intelligence {unknown}
 n - a +4 ring of evasion {unknown}
Scrolls
 c - a scroll of magic mapping {unknown}
 f - a scroll of enchant armour
 h - a scroll of enchant weapon {unknown}
 k - 2 scrolls of teleportation {unknown}
 v - a scroll of remove curse {unknown}
Potions
 m - a potion of curing {unknown}
 q - a potion of flight {unknown}
 s - a potion of haste {unknown}
 u - a potion of mutation {unknown}
 x - a potion of magic {unknown}
Comestibles
 d - 2 rations


   Skills:
 + Level 1.3 Fighting
 + Level 1.1 Short Blades
 - Level 0.3 Throwing
 + Level 3.4 Dodging
 + Level 1.3 Stealth
 - Level 3.5 Unarmed Combat
 - Level 2.2 Spellcasting
 + Level 3.2 Transmutations


You had 5 spell levels left.
You knew the following spells:

 Your Spells              Type           Power        Failure   Level  Hunger
a - Beastly Appendage     Tmut           #.....       7%          1    ##.....

Your spell library contained the following spells:

 Spells                   Type           Power        Failure   Level  Hunger
 Sticks to Snakes         Tmut           #.......     11%         2    ###....
 Spider Form              Tmut/Pois      #.........   38%         3    ####...
 Ice Form                 Ice/Tmut       #.......     80%         4    #####..
 Blade Hands              Tmut           #.........   89%         5    ######.


Dungeon Overview and Level Annotations

Branches:
Dungeon (2/15)

Altars:

Annotations:
D:2 Robin


Message History

You hit the goblin. You drain the goblin.
You kill the goblin!
Robin roars a battlecry!
The kobold throws a stone.
The stone hits you.
* * * LOW HITPOINT WARNING * * *
You hear a shout!
Fire/throw which item? (* to show all) (? for menu, Esc to quit)
Throwing (i - inventory)
e - 98 stones (quivered)
Press: ? - help, Shift-Dir - straight line, f - Robin
Aim: Robin, wielding a +2 spear of pain, wearing a +0 animal skin and wearing a +0 helmet You throw a stone.
The stone hits Robin but does no damage.
Robin throws the goblin at you!
* * * LOW HITPOINT WARNING * * *
The kobold throws a stone.
The stone hits you but does no damage. The goblin misses you.
You hit the goblin.
The goblin is moderately wounded.
Robin hits you from afar with a +2 spear of pain.
You die...

#.#..#### ......# #..#.#
###.##.g#.##############
.......................#
###.###..g############.#
#...g.>g.gK# #.#
#.#####.##)# #.# #.##@#
#.# #.##g# #.# #.##.#
#.# #.##.# #.# #.#####
### #.#
######.###.####.#
#...#.#_#.#...#.#
#.##.###.####...#
#..####### ###.#


You could see Robin, a goblin and a kobold.

Vanquished Creatures
  A dart slug (D:1)
  3 bats
  2 giant cockroaches
  12 goblins
  9 hobgoblins
  2 jackals (D:1)
  A frilled lizard (D:1)
  2 kobolds (D:1)
  4 rats (D:1)
36 creatures vanquished.

Notes
Turn   | Place    | Note
-------+----------+-------------------------------------------
     0 | D:1      | Mame the Merfolk Transmuter began the quest for the Orb.
     0 | D:1      | Reached XP level 1. HP: 15/15 MP: 3/3
   323 | D:1      | Reached XP level 2. HP: 21/21 MP: 5/5
   670 | D:1      | Reached XP level 3. HP: 20/26 MP: 6/6
  1103 | D:2      | Found a faded altar of an unknown god.
  1169 | D:2      | Noticed Robin
  1181 | D:2      | Reached skill level 1 in Stealth
  1195 | D:2      | Reached skill level 1 in Short Blades
  1212 | D:2      | Slain by Robin

Levels and vault maps discovered:
D:1:      dpeg_arrival_round_b, layout_basic
D:2:      layout_basic, chequers_ecumenical_altar_twisty, uniq_robin,
          uniq_crazy_yiuf_cottage

Skill      XL: |  1  2  3 |
---------------+----------+-----
Transmutations | 3 |  3.2
Dodging        | 3 |  3.4
Stealth        | 1 |  1.3
Short Blades   | 1 |  1.1
Fighting       | |  1.3
Throwing       | |  0.3
Unarmed Combat | |  3.5
Spellcasting   | |  2.2

Action                   || total
-------------------------++-------
Melee: Unarmed           ||    17
       Dagger            ||    51
       Punch             ||     1
Throw: Boomerang         ||    52
       Stone             ||    21
  Use: Scroll            ||     1
 Stab: Sleeping          ||     3
Armor: Robe              ||     3
Dodge: Dodged            ||    68

Table legend:
 A = Non-vault XP
 B = Vault XP
 C = Vault XP percentage of total XP
 D = Non-vault monster count
 E = Vault monster count
 F = Vault count percentage of total count
                 A         B        C        D         E       F
            +---------+---------+-------+---------+---------+-------
      Total |      50 |      18 |  26.5 |      27 |       9 |  25.0
            +---------+---------+-------+---------+---------+-------
        D:1 |      44 |       0 |   0.0 |      24 |       0 |   0.0
        D:2 |       6 |      18 |  75.0 |       3 |       9 |  75.0
            +---------+---------+-------+---------+---------+-------
